[Event "Czech Open-Rapid 2022"]
[Site "Pardubice"]
[Date "2022.07.21"]
[Round "7.7"]
[White "Babula, Vlastimil sr"]
[Black "Rasik, Vitezslav"]
[Result "1-0"]
[ECO "E91"]
[WhiteElo "2556"]
[BlackElo "2419"]
[Annotator "TA"]
[PlyCount "169"]
[EventDate "2022.07.20"]
[EventType "swiss"]
[EventCountry "CZE"]
[SourceTitle "playchess.com"]
[Source "ChessBase"]
[SourceQuality "1"]
[TimeControl "1200+10"]

1. d4 {[%emt 0:00:03] ChessBase II} d6 2. Nf3 g6 3. c4 Bg7 4. Nc3 Nf6 5. e4 O-O 6. Be2 Nbd7 7. O-O e5 8. Qc2 Re8 9. Rd1 c6 10. Rb1 Qe7 11. d5 {[%emt 0:00:33] E94: King's Indian: Classical: 6 Be2 e5 7 0-0: Various Black 7th moves.} c5 12. Ne1 Rf8 13. Nd3 {[%emt 0:00:45] White is better.} Ne8 {[%emt 0:01:11] [#]} 14. b4 $146 ({Predecessor:} 14. Be3 f5 15. f3 f4 16. Bf2 g5 17. b4 b6 18. bxc5 Nxc5 19. Nb4 h5 20. Nc6 {0-1 (38) Jacoby,G (2310)-Tuerk,H Germany North 1979 EXT 2018 [ChessBase II]}) 14... cxb4 15. Rxb4 f5 16. a4 Nef6 17. Bf3 (17. exf5 $16 gxf5 18. Nb5 (18. Bg5 a6 $14)) 17... fxe4 18. Bxe4 b6 19. a5 (19. Bg5 $11) 19... Nc5 {[%emt 0:00:21] [#]} (19... bxa5 $15 20. Rb5 Ba6 21. Rxa5 Bxc4) 20. Bg5 $1 bxa5 21. Rb5 {[%emt 0:00:24] Threatens to win with Nxc5.} Ncxe4 22. Nxe4 {[%emt 0:00:05] c5 is the strong threat.} a6 (22... Bf5 $11 {keeps the balance.} 23. Re1 Bxe4 24. Rxe4 Qc7 25. Bxf6 Bxf6) 23. Rb6 {[%emt 0:01:38] White is much more active.} (23. Rxa5 $6 Bf5 24. Ng3 Qd7 $14) (23. Bxf6 $1 $16 Bxf6 24. Rb6 (24. Rxa5 Bf5 $14)) 23... Qa7 $14 24. Nxf6+ Bxf6 25. Be3 Bg5 {[%emt 0:00:38] Strongly threatening ...Bxe3.} 26. c5 $1 (26. Rxd6 $2 Bxe3 27. fxe3 Qxe3+ 28. Nf2 Bg4 $19) 26... Bxe3 27. fxe3 dxc5 28. Rdb1 Qf7 (28... Bf5 29. Rb7 c4 30. Rxa7 Bxd3 31. Qc3 $1 Rxa7 32. Rc1 $16) (28... c4 $5 29. Qxc4 Bf5 30. d6+ Qf7 31. Qxf7+ Rxf7 $11) 29. e4 {[%emt 0:00:08][%mdl 1024] White has compensation.} (29. Qxc5 $2 e4 30. Nf4 g5 $19) 29... Qe7 $2 (29... c4 $14 30. Nxe5 (30. Qxc4 Bd7 $11) 30... Qf4 31. Nxc4 a4) 30. d6 $1 $18 (30. Nxc5 Ra7 $14) (30. Qxc5 Qxc5+ 31. Nxc5 Bg4 $14) 30... Qg5 31. Qc1 {[%emt 0:00:21] Against Qe3+} (31. Nxc5 Qe3+ 32. Kh1 Ra7 $16) (31. Qxc5 $18 Bd7 32. Rb7 (32. Nxe5 $2 Rac8 $19)) 31... Qh4 $2 (31... Qxc1+ $16 {might work better.} 32. Rxc1 Bd7) 32. Qc4+ Kh8 33. Qd5 (33. Qxc5 Qxe4 34. Qxe5+ Qxe5 35. Nxe5 Bf5 $16) 33... Bd7 (33... c4 $142) 34. Qxe5+ Kg8 35. Qd5+ (35. Rb7 Rad8 $18) 35... Kh8 36. Rb7 (36. Nxc5 $2 {leads to mate.} Qf2+ 37. Kh1 Qf1+ $3 38. Rxf1 Rxf1#) (36. Qxc5 Qxe4 37. Qc3+ Kg8 $16) 36... Bb5 37. Qe5+ {[%emt 0:00:41] Chess con chili.} (37. Kh1 Qf6 38. h3 Bxd3 39. Qxd3 Qd4 40. Qxd4+ cxd4 $18) (37. h3 $18) 37... Qf6 $11 38. Qxf6+ (38. Rd1 $5 ) 38... Rxf6 39. e5 ({Don't play} 39. Nxc5 Rxd6 40. e5 Rd4 $17) 39... Re6 {[%emt 0:00:26] [#]} (39... Bxd3 $11 40. exf6 Bxb1 41. Rxb1 a4) 40. d7 $1 $36 {[%emt 0:01:24][%cal Ob7c7][%mdl 2048] Black must now prevent Rc7! Keeping Black busy.} Rd8 41. Rc7 Kg7 (41... Bxd3 $2 42. Rc8 Ree8 43. dxe8=Q+ $18) (41... Rxd7 $142 42. Rxd7 Bxd7) 42. Rxb5 $2 axb5 $14 43. Nxc5 Rxe5 {[%emt 0:00:11] [#] Black is now going downhill.} (43... Kf7 $1 $14 44. Rc8 Rxd7 45. Nxd7 a4) 44. Nb7 $1 $18 Rxd7 (44... Re1+ $2 45. Kf2 Rc1 46. Nxd8 $18) 45. Rxd7+ {[%emt 0:00:01][%mdl 4096] Endgame KRN-KR} Kf6 46. Nxa5 h5 47. Kf2 Rc5 (47... Rf5+ $142 48. Ke3 Re5+ 49. Kf3 Rf5+ 50. Ke3 Re5+ 51. Kf2 Rf5+ 52. Ke2 Rg5) 48. Nb3 Rc2+ 49. Nd2 b4 50. Ke3 Rc3+ 51. Ke2 Rc2 52. Rb7 Rb2 53. Rb5 h4 54. Ke3 h3 (54... g5 $142 55. Ne4+ Ke7 56. Rxg5 h3) 55. gxh3 Kg7 56. h4 Kh6 57. Nf3 {[%emt 0:00:12] And now Rb7 would win.} b3 58. Nd2 Kg7 59. Rxb3 Rc2 60. Nf3 Rc7 61. Rb4 Kh6 62. Kf4 Ra7 63. Kg4 Rc7 64. h3 Ra7 65. Ne5 Ra1 66. Nf3 $2 (66. Rb7 $18 Ra8 67. Kg3 Ra3+ 68. Kg2 Ra2+ 69. Kf1 Ra1+ 70. Ke2 Ra2+ 71. Kd1) 66... Ra2 $2 (66... Ra7 $11 67. Ne5 Re7) 67. Rb7 Ra4+ 68. Kg3 Ra3 69. Rb4 Ra2 70. Ne5 Ra3+ 71. Kg4 Ra1 $1 72. Nf7+ Kg7 73. Ng5 Rg1+ 74. Kf3 Rf1+ 75. Kg3 Rg1+ 76. Kf2 Ra1 77. Rb7+ Kf6 78. Rf7+ Ke5 79. Nf3+ Ke6 80. Rf4 Ra2+ 81. Kg3 Rb2 82. h5 gxh5 83. Kh4 Rb5 84. Nd4+ Ke5 85. Rf5+ {[%emt 0:00:02] Weighted Error Value: White=0.38/Black=0.61} 1-0

[Event "Czech Open-Rapid 2022"]
[Site "Pardubice"]
[Date "2022.07.21"]
[Round "7.8"]
[White "Jirovsky, Milos"]
[Black "Goroshkov, Maksym"]
[Result "1-0"]
[ECO "D02"]
[WhiteElo "2458"]
[BlackElo "2240"]
[Annotator "TA"]
[PlyCount "129"]
[EventDate "2022.07.20"]
[EventType "swiss"]
[EventCountry "CZE"]
[SourceTitle "playchess.com"]
[Source "ChessBase"]
[SourceQuality "1"]
[TimeControl "1200+10"]

1. d4 Nf6 2. Nf3 d5 3. Bf4 c6 4. e3 Bf5 5. c4 e6 6. Qb3 Qb6 7. c5 Qxb3 8. axb3 Nbd7 9. Nc3 Be7 {[%emt 0:00:08] D02: 1 d4 d5 2 Nf3 sidelines, including 2...Nf6 3 g3 and 2...Nf6 3 Bf4.} 10. h3 O-O 11. b4 a6 {[%emt 0:00:04] Against b5. White is slightly better.} 12. Nd2 $1 {[%emt 0:00:23] 12.Nd2 scores better than 12.Be2.} Bc2 13. Rc1 Bg6 14. Nb3 Bd8 {[%emt 0:00:22] [#]} 15. Be2 $146 ({Predecessor:} 15. Ra1 Re8 16. b5 Bc2 17. bxc6 bxc6 18. Na5 Bxa5 19. Rxa5 e5 20. dxe5 Nxe5 21. Kd2 {1-0 (31) Novoa,F (2049)-Galvan,A Buenos Aires 2011}) 15... Ne4 16. f3 Bh4+ 17. Kf1 Ng3+ 18. Bxg3 Bxg3 19. f4 {[%emt 0:00:08] [#] Prevents e5. Threatens to win with h4.} Bh4 $36 {[%emt 0:00:04][%mdl 2048] Black is pushing.} 20. Na5 Rab8 21. Rd1 Bd8 22. g4 f6 23. Kg2 Bc7 24. h4 h6 25. Rhf1 e5 26. f5 Bf7 27. Bf3 g6 28. Be2 gxf5 29. gxf5 Kh7 30. Kf2 exd4 (30... Rfe8 $11) 31. exd4 $14 Bf4 32. Bf3 Rg8 {[%emt 0:00:41] White stays focused until the end.} 33. Ne2 {[%emt 0:00:07][%cal Bc3e2,Be2g3,Bg3h5][%mdl 32] Against Bg3+} Bc7 34. Rg1 Rxg1 35. Rxg1 Nf8 {[%emt 0:00:57] [#]} 36. Ng3 $1 {[%emt 0:00:19] White is more active.} Bf4 (36... Kh8 $16 37. Re1 Bxa5 38. bxa5 Re8) 37. Re1 $18 Bd2 $2 (37... Re8 38. Rxe8 Bxe8) 38. Re7 $1 Kg8 39. Bh5 Bxh5 40. Nxh5 Nh7 41. Rxb7 Rxb7 42. Nxb7 {[%emt 0:00:01] Pair of Knights!} Bxb4 {[%emt 0:00:01][%mdl 4096] Endgame KBN-KNN} 43. Nd8 Bd2 44. Nxc6 {[%emt 0:00:04] aiming for Ke2.} Kf7 45. Nd8+ Ke7 46. Ne6 a5 47. Nc7 a4 48. Nxd5+ Kd8 49. Nb6 Kc7 50. Nxa4 Kc6 51. Ke2 Bc1 52. Kd3 {[%emt 0:00:08] Black must now prevent b4.} Kb5 53. Nc3+ {[%emt 0:00:02] White mates.} Kc6 54. b4 Bb2 55. b5+ Kd7 56. Ne4 Ke7 57. b6 Nf8 58. Nhxf6 Kd8 59. Kc4 h5 60. Kd5 Kc8 61. c6 Kb8 62. Nd7+ Ka8 63. b7+ Ka7 64. b8=Q+ Ka6 65. Qb6# {[%emt 0:00:05] Weighted Error Value: White=0.11 (very precise) /Black=0.45} 1-0

[Event "Czech Open-Rapid 2022"]
[Site "Pardubice"]
[Date "2022.07.21"]
[Round "7.9"]
[White "Luch, Michal"]
[Black "Strebkovs, Andrejs"]
[Result "1-0"]
[ECO "A56"]
[WhiteElo "2375"]
[BlackElo "2283"]
[Annotator "TA"]
[PlyCount "125"]
[EventDate "2022.07.20"]
[EventType "swiss"]
[EventCountry "CZE"]
[SourceTitle "playchess.com"]
[Source "ChessBase"]
[SourceQuality "1"]
[TimeControl "1200+10"]

1. d4 Nf6 2. c4 c5 3. d5 g6 4. Nc3 d6 5. e4 Bg7 6. h3 O-O 7. Bd3 e6 8. Nf3 Na6 9. O-O Nc7 {[%emt 0:01:16] 9...e5 is more fashionable.} 10. Bf4 {[%emt 0:01:19] E90: King's Indian: Classical: Early deviations and 6 h3.} e5 11. Be3 {[%emt 0:02:06] [#]} Rb8 $146 ({Predecessor:} 11... Nfe8 12. Nd2 f5 13. f4 exf4 14. Bxf4 g5 15. Bh2 f4 16. Nf3 h5 17. Ne1 Bd4+ {1-0 (37) Tomaszewski,K (2322)-Wieczorek,O (2468) Katowice 2018}) 12. a3 {[%emt 0:00:31] White is better.} a6 13. b4 b6 14. Rb1 Bd7 15. Qc2 Qe7 16. Rb2 Rfc8 17. Rfb1 {[%emt 0:00:41] And now bxc5 would win.} Qd8 18. bxc5 bxc5 19. Bd2 Nce8 20. Na4 ({White should try} 20. Rb3 $16) 20... Rxb2 $14 21. Rxb2 Rb8 {[%emt 0:00:28] Inhibits Nb6.} 22. Rxb8 Qxb8 23. Qb2 Qxb2 24. Nxb2 Nh5 25. Bc2 Kf8 (25... f5 $11) 26. Na4 $36 {[%emt 0:00:11][%mdl 2048] White is more active.} Nf4 27. Nb6 Ke7 28. Kf1 Bf6 {[%emt 0:00:56] Inhibits Ng5.} 29. Nxd7 Kxd7 30. g3 Nh5 (30... Nxh3 $2 31. Kg2) 31. Ba4+ Ke7 32. Ba5 Bg7 33. Ke2 Nhf6 34. Kd3 Nd7 35. Ng5 Nef6 36. Bc6 {[%emt 0:00:10] A strong pair of Bishops.} h6 37. Nf3 {[%emt 0:00:02] White is more active.} Ne8 $2 (37... Nb8 $16) 38. Bb7 $18 Nb8 {[%emt 0:00:04] [#]} 39. Bc8 Bf8 40. a4 Kf6 $2 (40... Bg7 41. g4 Bh8) 41. Bb6 {aiming for Ba7.} Ke7 42. g4 Nd7 {[%emt 0:00:08] [#]} 43. Ba5 Nb8 44. Bb6 $2 (44. Ke3 $18) 44... Nf6 $2 (44... Nd7 $11 45. Ba5 Nb8) 45. Bc7 Nfd7 46. Nd2 {[%emt 0:00:06] Strongly threatening Nb3.} Ke8 47. Nb3 {[%emt 0:00:12] Black must now prevent Na5.} Be7 48. Bb7 h5 49. gxh5 gxh5 50. Bc8 h4 51. Nd2 Kf8 52. Nf1 Kg7 (52... Ke8 $142 53. Bb7 Bd8) 53. Ne3 Bg5 54. Nf5+ Kg6 55. Nxd6 Bf6 56. Ke2 Bg7 57. Kf3 Bf8 58. Nf5 f6 59. Nxh4+ Kg5 60. Nf5 Bh6 61. Kg3 a5 62. Bxa5 {[%emt 0:00:05] Hoping for Bc7.} Nf8 63. Bd2+ {[%emt 0:00:04] Weighted Error Value: White=0.17 (very precise) /Black=0.53} 1-0

[Event "Czech Open-Rapid 2022"]
[Site "Pardubice"]
[Date "2022.07.21"]
[Round "7.10"]
[White "Lalic, Bogdan"]
[Black "Aradhya, Garg"]
[Result "1-0"]
[ECO "A09"]
[WhiteElo "2412"]
[BlackElo "2229"]
[Annotator "TA"]
[PlyCount "73"]
[EventDate "2022.07.20"]
[EventType "swiss"]
[EventCountry "CZE"]
[SourceTitle "playchess.com"]
[Source "ChessBase"]
[SourceQuality "1"]
[TimeControl "1200+10"]

1. Nf3 d5 2. c4 d4 3. e3 c5 4. b4 dxe3 5. fxe3 cxb4 6. d4 g6 {[%emt 0:00:13] A09: Réti Opening: 1 Nf3 d5 2 c4.} 7. a3 b3 8. Qxb3 Bg7 {[%emt 0:00:01] [#] White is slightly better.} 9. Nc3 $146 (9. Bd3 $14) ({Predecessor:} 9. Be2 Nf6 10. O-O O-O 11. Bb2 b6 12. Nbd2 Bb7 13. a4 Nbd7 14. a5 e5 15. a6 {1-0 (34) Shuvalov,E (2182)-Balabayeva,K (2156) Chess.com INT 2021}) 9... Nc6 10. Be2 Nh6 11. O-O O-O 12. Rd1 b6 13. a4 Ba6 14. Nb5 Rc8 15. Bd2 e5 {[%emt 0:03:52] [#]} (15... Nf5 $14) 16. d5 $1 $16 Na5 17. Bxa5 bxa5 18. Nxa7 {[%emt 0:01:21] White is much more active. The black rooks are badly placed.} e4 19. Nd4 (19. Nxc8 $2 exf3 20. gxf3 Bxa1 21. Rxa1 Qg5+ 22. Kh1 Rxc8 $19) 19... Rb8 {[%emt 0:00:23] [#]} (19... Qg5 $16 {might work better.}) 20. Nab5 {[%emt 0:00:08] Pair of Knights!} ({White should try} 20. Qa3 $1 $18) 20... Qg5 21. Ra2 Bb7 (21... Be5 $1 $14) 22. Rf1 Be5 23. Bd1 (23. g3 Bxg3 24. Bd1 (24. hxg3 Qxg3+ 25. Kh1 Qh3+ 26. Kg1 Qg3+ 27. Kh1 Qh3+ 28. Kg1 Qg3+ $11) 24... Be5+ 25. Rg2 Qe7 $11) 23... Rfc8 24. Raf2 (24. g3 Ba8 $16) 24... Qe7 25. Be2 Kh8 26. g4 Rg8 $2 (26... Ba8 $16 {was called for.} 27. Kh1 f6) 27. Rg2 (27. d6 $18 {is more deadly.} Qg5 28. Rg2) 27... f5 28. Qc3 {[%emt 0:01:58] And now d6 would win.} (28. gxf5 gxf5 29. Rff2 (29. Nxf5 $2 Nxf5 30. Rxf5 Qh4 $19) 29... Qh4 $17) 28... fxg4 29. d6 ({Don't play} 29. Bxg4 $6 Nxg4 30. Rxg4 Rbf8 $14) 29... Qd7 {[%emt 0:00:34] Black cannot hold the game after this.} (29... Qg5 $16 {is a better defense.}) 30. c5 $18 {[%emt 0:00:22] aiming for c6.} ({Less strong is} 30. Qxa5 Rbf8 31. Rxf8 Rxf8 $18) 30... Rbc8 {[%emt 0:00:01] Prevents c6.} 31. Qc4 {[%emt 0:01:05] Inhibits Bd5.} Bc6 32. Nxc6 Rxc6 33. Qd5 Re8 34. Nd4 Rcc8 35. Bb5 Qa7 36. Bxe8 Rxe8 37. d7 {Weighted Error Value: White=0.15 (very precise) /Black=0.52} 1-0

[Event "Czech Open-Rapid 2022"]
[Site "Pardubice"]
[Date "2022.07.21"]
[Round "7.11"]
[White "Tichy, Stepan"]
[Black "Vykouk, Jan"]
[Result "0-1"]
[ECO "A48"]
[WhiteElo "2207"]
[BlackElo "2476"]
[Annotator "TA"]
[PlyCount "92"]
[EventDate "2022.07.20"]
[EventType "swiss"]
[EventCountry "CZE"]
[SourceTitle "playchess.com"]
[Source "ChessBase"]
[SourceQuality "1"]
[TimeControl "1200+10"]

1. d4 Nf6 2. Nf3 g6 3. Bf4 Bg7 4. c3 O-O 5. h3 d6 6. e3 b6 7. Be2 Bb7 8. O-O Nbd7 9. Nbd2 c5 10. a4 cxd4 11. exd4 Nd5 {[%emt 0:00:03][%cal Bf6d5,Bd5f4,Bf4e2][%mdl 32] A48: 1 d4 Nf6 2 Nf3 g6: Torre, London and Colle Systems.} 12. Bg3 Bh6 {[%emt 0:00:05] [#]} 13. Re1 $146 ({Predecessor:} 13. Nh2 Bf4 14. Bxf4 Nxf4 15. Bf3 Qc7 16. Bxb7 Qxb7 17. Qf3 Qxf3 18. Nhxf3 Rac8 19. Rfe1 {½-½ (53) Kuhn,H (2335)-Chiru,I (2536) ICCF email 2007}) 13... Nf4 {[%emt 0:00:05] White has an edge.} 14. Nc4 ({White should try} 14. Bf1 $14) 14... Nxe2+ $15 15. Qxe2 Ba6 {[%emt 0:00:43] Strongly threatening ...d5. A strong pair of Bishops.} 16. d5 ({Don't go for} 16. b3 $2 d5 17. a5 dxc4 $19) 16... Rc8 (16... Qc8 $15 17. b3 Re8) 17. b3 $11 Bg7 $36 {[%emt 0:00:36][%mdl 2048] And now ...Bxc4 would win. Black has the initiative.} (17... Nc5 {feels hotter.} 18. Qxe7 Qxe7 19. Rxe7 Nxb3 20. Nxd6 Nxa1 21. Nxc8 Bxc8 22. Nd4 Bg7) 18. Rac1 $2 {[%emt 0:00:30] This costs White the game.} (18. Nd4 $11 {and White stays safe.}) 18... Nc5 $19 19. Qxe7 (19. Qd1 $142) 19... Qxe7 ({Not} 19... Nxb3 $2 20. Qxd8 Rfxd8 21. Nxd6 Nxc1 22. Rxc1 Rxc3 23. Re1) 20. Rxe7 Nxb3 21. Nxd6 Nxc1 22. Nxc8 Rxc8 ({Don't blunder} 22... Bxc8 $2 23. Bd6 $19) 23. d6 Ne2+ 24. Kh2 {[%emt 0:00:20] d7 is the strong threat.} Bf8 (24... Nxg3 $142 25. fxg3 Rd8 26. Rxa7 Bc4) 25. Rxa7 {[%emt 0:00:23] Hoping for d7.} Nxg3 26. fxg3 $2 (26. d7 {only move.} Rd8 27. Nd4) 26... Bc4 $1 27. d7 Rd8 28. Nd4 {[%emt 0:00:07] Black must now prevent Nc6.} Be6 29. Nxe6 fxe6 {[%emt 0:00:02][%mdl 4096] Endgame KRB-KR} 30. Rb7 Kf7 31. Rxb6 Rxd7 32. Ra6 (32. Rb1 $142) 32... Rc7 33. Kg1 Rxc3 34. g4 g5 35. Ra8 Rc2 36. g3 $2 (36. Kf1) 36... Ra2 37. h4 h6 38. a5 e5 39. Ra7+ Ke6 40. Ra6+ Bd6 (40... Kd5 $142 41. Kf1 Bd6 42. Ra8 Ke4 43. Rc8 Bb4 44. Rd8 Kf3 45. Rd3+ Kxg4 46. hxg5 hxg5 47. Re3 Rxa5 48. Ke2 Ra2+ 49. Kd1 Bd6 50. Rd3 Bc5 51. Kc1 e4 52. Rd5 {[#]} e3 $1 53. Rxc5 Ra1+ 54. Kb2 e2 55. Rc4+ Kxg3 56. Kxa1 e1=Q+ 57. Kb2 Qe5+ 58. Ka3 Qd6+ 59. Kb3 Qe6 60. Kc3 Qxc4+ $3 61. Kxc4 g4 62. Kd3 Kf3 63. Kd2 g3 64. Kd3 g2 65. Kd4 g1=Q+ 66. Ke5 Qc5+ 67. Ke6 Kf4 68. Kf6 Qe5+ 69. Kf7 Kf5 70. Kg8 Kf6 71. Kh8 Kg6+ 72. Kg8 Qg7#) 41. Ra8 e4 {[%emt 0:00:11] ( -> ...e3)} 42. Rh8 Bxg3 {[%emt 0:00:26] Black mates.} 43. Rxh6+ Ke5 44. hxg5 e3 45. Rh8 e2 46. Re8+ Kf4 {[%emt 0:00:02] Weighted Error Value: White=1.04/Black=0.13 (very precise)} 0-1

[Event "Czech Open-Rapid 2022"]
[Site "Pardubice"]
[Date "2022.07.21"]
[Round "7.12"]
[White "Blatny, Pavel"]
[Black "Mojzis, Jaroslav"]
[Result "1-0"]
[ECO "A01"]
[WhiteElo "2325"]
[BlackElo "2108"]
[Annotator "TA"]
[PlyCount "81"]
[EventDate "2022.07.20"]
[EventType "swiss"]
[EventCountry "CZE"]
[SourceTitle "playchess.com"]
[Source "ChessBase"]
[SourceQuality "1"]
[TimeControl "1200+10"]

1. b3 e6 2. Bb2 Nf6 3. e3 d5 4. f4 c5 5. Nf3 Nc6 6. Be2 b6 {[%emt 0:00:24] A03: Bird's Opening with 1...d5.} 7. Ne5 Bb7 {[%emt 0:00:39] [#]} 8. Nxc6 $146 (8. Bb5 {is interesting.} Rc8 9. d3 Be7 10. O-O) ({Predecessor:} 8. O-O Qc7 9. Qe1 O-O-O 10. d4 Ne4 11. a4 cxd4 12. Nxc6 Qxc6 13. Bxd4 Qxc2 14. a5 {1-0 (44) Sipila,V (2474)-Lucaci,M (2161) Vienna 2013}) 8... Bxc6 {[%emt 0:00:03] The position is equal.} 9. Bf3 Rc8 10. O-O Bd6 11. c4 dxc4 ({Better is} 11... O-O $11) 12. Bxc6+ $14 Rxc6 13. bxc4 O-O 14. Qf3 Rc7 15. Nc3 Rd7 16. Rad1 Be7 17. Qe2 Ne8 18. e4 Nc7 19. e5 f5 {[%emt 0:00:32] Against Ne4} 20. Rf3 a6 21. a4 Rd4 22. d3 Qd7 (22... b5 $11) 23. Qc2 (23. Nb1 $14) 23... Rd8 $2 {[%emt 0:00:07] [#]} (23... Qc6 $11 {and Black is okay.}) 24. Ne2 $18 Re4 25. Re1 Rxe2 26. Rxe2 ({Resist} 26. Qxe2 Qxa4 27. Bc3 Qb3 $16) 26... b5 27. axb5 axb5 28. h3 b4 29. Kh2 Na6 30. Qb3 Nb8 31. Re1 Nc6 32. Ra1 Kf7 33. Ra6 g5 (33... Nb8 $16 {is a better defense.} 34. Ra8 Nc6 35. Rxd8 Qxd8) 34. Qa4 Rc8 35. Bc1 gxf4 36. Bxf4 Qc7 (36... h5 $16 {was worth a try.} 37. Rf2 h4) 37. Re3 {[%emt 0:00:10] [#] Threatens to win with Qd1.} Nd4 $2 (37... Qb7 38. Qd1 Ke8 39. Qh5+ Kd8) 38. Ra7 Qc6 39. Qd1 {[%emt 0:00:17] White mates.} Rc7 40. Qh5+ Kg8 41. Rg3+ {[%emt 0:00:05] Weighted Error Value: White=0.15 (very precise) /Black=0.46} 1-0

[Event "Czech Open-Rapid 2022"]
[Site "Pardubice"]
[Date "2022.07.21"]
[Round "7.13"]
[White "Mladek, Richard"]
[Black "Jun, Rudolf"]
[Result "1-0"]
[ECO "E43"]
[WhiteElo "2330"]
[BlackElo "2134"]
[Annotator "TA"]
[PlyCount "103"]
[EventDate "2022.07.20"]
[EventType "swiss"]
[EventCountry "CZE"]
[SourceTitle "playchess.com"]
[Source "ChessBase"]
[SourceQuality "1"]
[TimeControl "1200+10"]

1. d4 Nf6 2. c4 e6 3. Nc3 Bb4 4. e3 b6 5. Bd2 Bb7 6. Nf3 O-O 7. Bd3 Re8 {[%emt 0:01:42] E21: Nimzo-Indian: 4 Nf3.} 8. O-O a5 9. Rc1 {[%emt 0:00:07] [#]} Bf8 $146 (9... d6 $11) ({Predecessor:} 9... d6 10. a3 Bxc3 11. Bxc3 Ne4 12. Be1 a4 13. Kh1 f5 14. Ng1 Qg5 15. f3 Nf6 {1-0 (66) Bluebaum,M (2670)-Kovalenko,I (2643) Chess.com INT 2020}) 10. e4 $16 {[%emt 0:01:12] [#] e5 is the strong threat.} d6 11. a3 Nc6 12. Re1 e5 13. d5 Nb8 14. b4 Nbd7 15. Na4 axb4 16. axb4 g6 17. Qb3 Bc8 18. Ra1 {[%emt 0:00:12] White is much more active.} Nh5 19. Nc3 Rxa1 20. Rxa1 Nf4 21. Bc2 ({White should play} 21. Bf1) 21... Bb7 ({Black should try} 21... Nf6) 22. Ra7 Qb8 23. Qa4 $36 {[%emt 0:00:57][%cal Oa4d7][%mdl 2048] White is on the roll.} Rd8 24. g3 Nh5 25. Bg5 f6 (25... Nhf6 $16 {is a better defense.} 26. Ne1 Rc8) 26. Be3 $18 Ng7 27. Qa2 Kh8 28. Ra3 Be7 (28... Qc8 {was called for.} 29. Ra7 Qb8) 29. Ba4 Nf8 30. Bc6 {[%emt 0:00:09] [#] Hoping for Ra7.} h5 $2 (30... Qc8 31. Ra7 Bxc6) 31. Ra7 Bxc6 32. dxc6 Rc8 33. Nd5 Bd8 34. Rb7 Qa8 35. Qxa8 Rxa8 36. Nxc7 Rc8 37. Bxb6 Nfe6 38. Nd5 Bxb6 39. Rxb6 Ne8 40. Ne1 Nd4 41. b5 Kg7 42. Rb7+ Kh6 43. Kg2 {[%emt 0:00:18] Strongly threatening Ne7.} Ne6 44. Nb6 Rd8 45. Nd3 N8c7 46. Nd5 Ne8 47. c7 Rc8 48. b6 {[%emt 0:00:05][%cal Bb5b6,Bb6b7][%mdl 32] And now Rb8 would win.} Nc5 49. Nxc5 {[%emt 0:00:03] White mates.} dxc5 50. Rb8 Nd6 51. Rxc8 Nxc8 52. b7 {[%emt 0:00:01] Black did not feel at home in the position after the opening.  Weighted Error Value: White=0.17 (very precise) /Black=0.31} 1-0

[Event "Czech Open-Rapid 2022"]
[Site "Pardubice"]
[Date "2022.07.21"]
[Round "7.14"]
[White "Mierins, Emils Janis"]
[Black "Seger, Ruediger"]
[Result "0-1"]
[ECO "B13"]
[WhiteElo "2042"]
[BlackElo "2299"]
[Annotator "TA"]
[PlyCount "118"]
[EventDate "2022.07.20"]
[EventType "swiss"]
[EventCountry "CZE"]
[SourceTitle "playchess.com"]
[Source "ChessBase"]
[SourceQuality "1"]
[TimeControl "1200+10"]

1. e4 c6 2. d4 d5 3. exd5 cxd5 4. Bd3 Nc6 5. c3 Qc7 6. h3 e5 {[%emt 0:00:11] B13: Caro-Kann: Exchange Variation and Panov-Botvinnik Attack.} 7. dxe5 Nxe5 8. Nf3 Nxd3+ {[%emt 0:00:06] White has an edge.} 9. Qxd3 Bd6 10. O-O (10. Bg5 Ne7 $11) 10... Ne7 11. Re1 O-O {[%emt 0:00:05] [#]} 12. Nd4 $146 ({Predecessor:} 12. Bg5 Bf5 13. Qd1 Rfe8 14. Nd4 Bd7 15. Nd2 Ng6 16. N2f3 Re4 17. Qb3 h6 18. Be3 {1-0 (57) Aronian,L (2772)-Fedoseev,V (2704) Warsaw 2021}) 12... a6 {[%emt 0:00:16] Prevents Nb5.} 13. a4 Bd7 14. Nd2 Rfe8 15. N2f3 Nc6 16. Bd2 Na5 17. Ng5 {[%emt 0:00:10] Pair of Knights!} g6 $1 18. Qf3 Bc6 {[%emt 0:00:34] aiming for ...Nc4.} 19. Nxc6 bxc6 20. Be3 ({Don't play} 20. Qf6 Nb3 21. Rxe8+ Rxe8 $17) (20. Qd3 $11 {remains equal.}) 20... Nc4 $17 {[%emt 0:00:55] White is now going downhill.} 21. Bd4 {[%emt 0:00:25] [#]} (21. h4 $17 {might work better.}) 21... c5 $1 $19 22. Bf6 {[%emt 0:00:18] [#]} h6 $1 23. Qxd5 {[%emt 0:01:20][%cal Oe1e7] Strongly threatening Re7!} Nb6 {[%emt 0:00:10] The board is on fire.} 24. Qf3 {[%emt 0:01:21] Threatens to win with Ne4.} hxg5 25. Bxg5 {[%emt 0:00:05] [#]} Nxa4 $1 26. Qg4 $2 (26. h4 {was worth a try.}) (26. b3 Nb6) 26... Nb6 27. h4 Qd7 28. Qf3 (28. Rxe8+ $142 Qxe8 29. g3) 28... Rxe1+ 29. Rxe1 Re8 30. Rd1 Qe6 {[%emt 0:00:07][%cal Oe6e1] ( -> ...Qe1+!)} 31. g3 Bf8 32. Ra1 (32. Kg2 {was called for.}) 32... Nc4 33. b3 Ne5 34. Qb7 Qf5 35. Kg2 Ng4 36. Ra2 (36. Qf3 Qc8 37. Bf4) 36... Qd3 $2 (36... Re1 37. Rd2 Qb1) 37. Rd2 Qb5 38. Qd5 Ne5 {[%emt 0:00:14] Inhibits Rd3.} ({Don't go for} 38... Re1 $2 39. Qc4 $19) 39. Bf4 Bg7 40. Bxe5 Rxe5 ({Wrong is} 40... Bxe5 $2 41. c4 Qxb3 42. Qxc5 $19) 41. Qd8+ Re8 42. Qg5 (42. c4 Qb8 43. Qd7) 42... Qxb3 43. h5 gxh5 44. Rd5 c4 45. Qxh5 Qxc3 {[%emt 0:00:09] And now ...Qf6 would win.} 46. Rf5 Rf8 47. Qg4 Qd4 48. Rf4 Qd5+ 49. Kh2 c3 {[%emt 0:00:15] White must now prevent ...Re8.} 50. Qe2 Qd2 51. Qe4 c2 52. Rh4 Qxf2+ 53. Kh3 Qf1+ 54. Kh2 Rd8 (54... Rc8 $142 55. Qh7+ Kf8 56. Qh8+ Bxh8 57. Rxh8+ Kg7 58. Rxc8 Qf2+ 59. Kh1 a5 60. g4 a4 61. Rc7 a3 62. Rc5 Qxc5 63. Kh2 c1=Q 64. Kh3 Qh1+ 65. Kg3 Qe3#) 55. Qxc2 Qd1 (55... Qe1 $142 56. Kh3 Qh1+ 57. Qh2 Rd1 58. Rf4 Qd5 59. Kh4 Rh1 60. Qh3 Qd8+ 61. Kg4 Qd7+ 62. Kf3 Qxh3 63. Re4 Rf1+ 64. Ke3 Qxg3+ 65. Kd2 Rf2+ 66. Re2 Qc3+ 67. Kd1 Rf1+ 68. Re1 Rxe1#) 56. Qh7+ Kf8 {[%emt 0:00:00] Black mates.} 57. Qe4 Rd2+ 58. Kh3 Qf1+ 59. Kg4 Rd4 {[%emt 0:00:03] Weighted Error Value: White=0.61/Black=0.46} 0-1